AoeStats
← Neepje

Black Forest

506204226Analyzed
2v2 RM · 21d ago on Sep 12, 2026· 53m 29s· 4 players
Game mode
Random Map
Map size
Medium (4 player)
Population
200
Speed
Normal
Resources
Standard
Victory
Conquest
Starting age
Dark Age
Ending age
Imperial Age
RankedLock teamsTeams togetherTeam positionsShared explorationLock speedFull tech treeHidden civsTurbo modeCheats
Victory
Defeat
🇩🇪 Burgundians · Germany
984
+12
🇩🇪 Persians · Germany
846
+31
🇨🇭 Mongols · Switzerland
880
-14
🇨🇭 Franks · Switzerland
880
-14
SourBeatle3800
1:07 Loom
8:47 Loom
11:35 Feudal Age
18:08 Castle Age
16:51 Double-Bit Axe
21:19 Bow Saw
23:37 Horse Collar
23:54 Gold Mining
27:05 Heavy Plow
31:56 Imperial Age
30:23 Gold Shaft Mining
30:56 Wheelbarrow
35:02 Elite War Elephant
35:58 Scale Mail Armor
36:09 Forging
36:05 Scale Barding Armor
35:29 Light Cavalry
36:10 Husbandry
36:37 Bloodlines
36:39 Hussar
40:46 Iron Casting
40:32 Chain Barding Armor
40:30 Chain Mail Armor
42:41 Blast Furnace
47:26 Plate Mail Armor
47:32 Plate Barding Armor
48:51 Chemistry
Gello426205
2:48 Loom
9:02 Wheelbarrow
11:11 Feudal Age
10:24 Gold Mining
10:16 Horse Collar
12:14 Double-Bit Axe
14:49 Hand Cart
15:06 Heavy Plow
18:12 Bow Saw
20:32 Castle Age
28:36 Crop Rotation
28:49 Gold Shaft Mining
29:22 Two-Man Saw
31:23 Imperial Age
29:18 Treadmill Crane
29:37 Stone Mining
31:03 Fortified Wall
31:14 Ballistics
31:40 Stone Shaft Mining
31:08 Caravan
31:32 Scale Barding Armor
31:38 Forging
31:19 Fletching
31:33 Padded Archer Armor
33:05 Chemistry
32:33 Chain Barding Armor
33:16 Iron Casting
32:34 Fletching
33:55 Plate Barding Armor
33:23 Scale Mail Armor
33:25 Bodkin Arrow
34:52 Bracer
35:09 Leather Archer Armor
34:52 Elite Skirmisher
36:06 Block Printing
36:38 Conscription
38:36 Pikeman
39:05 Flemish Revolution
39:45 Burgundian Vineyards
39:19 Halberdier
39:25 Elite Coustillier
41:45 Blast Furnace
41:03 Chain Mail Armor
44:17 Town Watch
46:27 Plate Mail Armor
46:30 Squires
Spawn
0:35 Loom
15:09 Feudal Age
18:35 Castle Age
16:49 Double-Bit Axe
17:03 Gold Mining
20:46 Bow Saw
25:07 Imperial Age
25:40 Gold Shaft Mining
26:56 Cavalier
29:30 Conscription
35:00 Chivalry
36:48 Pikeman
37:29 Squires
37:39 Halberdier
38:18 Arson
41:00 Fortified Wall
51:34 Onager
Neepje
7:32 Loom
11:51 Feudal Age
13:34 Double-Bit Axe
16:31 Fletching
17:04 Gold Mining
17:03 Horse Collar
20:01 Castle Age
19:14 Stone Mining
20:50 Wheelbarrow
21:25 Bodkin Arrow
23:56 Bow Saw
26:21 Coinage
29:11 Bloodlines
32:09 Husbandry
34:52 Ballistics
38:15 Imperial Age
35:32 Town Watch
40:31 Bracer
41:42 Drill
41:24 Light Cavalry
43:07 Hussar
44:42 Conscription
44:42 Drill
45:02 Caravan
45:28 Heavy Plow
45:44 Forging
45:40 Scale Barding Armor
46:15 Heavy Camel Rider
47:47 Iron Casting
48:48 Chemistry
50:38 Murder Holes
Connection lost

Rejoining the realm…

Still unreachable

The connection could not be restored.

Session expired

The server has moved on; the page needs a fresh start.